 Dungeon Crawl Stone Soup version 0.17.1-2-g5865329 (webtiles) character file.

1815 PossumBlood the Ruffian (level 8, -1/79 HPs)
             Began as a Troll Monk on Jan 24, 2016.
             Slain by an orc warrior
             ... wielding a +0 trident
              (8 damage)
             ... on level 7 of the Dungeon.
             The game lasted 00:16:59 (5800 turns).

PossumBlood the Ruffian (Troll Monk)                Turns: 5800, Time: 00:16:59

Health: -1/79      AC:  7    Str: 20    XL:     8   Next: 85%
Magic:  7/7        EV: 13    Int:  6    God:
Gold:   324        SH:  0    Dex: 14    Spells: 0 memorised, 7 levels left

rFire  + . .     SeeInvis .       - Unarmed
rCold  . . .     Clarity  .     a - +1 robe
rNeg   . . .     SustAt   .     (no shield)
rPois  .         Gourm    +     (helmet restricted)
rElec  .         Spirit   .     q - +0 cloak
rCorr  .         Warding  .     (gloves unavailable)
rMut   .         Stasis   .     (boots unavailable)
MR     .....                    (no amulet)
Stlth  ++........               k - ring of protection from fire
                                c - ring of wizardry

@: not resistant to hostile enchantments, unstealthy
A: unfitting armour, claws 3, fast metabolism 3, gourmand, regeneration 2,
shaggy fur 1, tough skin 2
a: no special abilities


You were on level 7 of the Dungeon.
You were completely stuffed.

You visited 2 branches of the dungeon, and saw 8 of its levels.

You collected 324 gold pieces.

Inventory:

Armour
 a - a +1 robe (worn)
 q - a +0 cloak (worn)
Jewellery
 c - a ring of wizardry (left claw)
 k - a ring of protection from fire (right claw)
Wands
 e - a wand of polymorph (13)
 y - a wand of frost (30)
 z - a wand of confusion (13)
Scrolls
 d - 3 scrolls of remove curse
 g - a scroll of amnesia
 i - a scroll of enchant armour
 j - a scroll of identify
 l - a scroll of fear
 r - a scroll of enchant weapon
Potions
 f - a potion of degeneration
 h - 2 potions of poison
 n - a potion of brilliance
 o - a potion of might
 p - a potion of invisibility
 t - 4 potions of curing
 u - 2 potions of heal wounds
 w - a potion of flight
 x - 2 potions of mutation
 A - a potion of haste
Books
 B - a book of Air

   Spells                             Type                      Level
   a - Shock                          Conjuration/Air              1
   b - Swiftness                      Charms/Air                   2
   c - Repel Missiles                 Charms/Air                   2
   d - Static Discharge               Conjuration/Air              3
   e - Lightning Bolt                 Conjuration/Air              5
Comestibles
 b - 4 bread rations
 m - a meat ration
 s - 2 beef jerkies


   Skills:
 + Level 4.9 Fighting
 + Level 6.5 Dodging
 + Level 2.6 Stealth
 + Level 7.4 Unarmed Combat


You had 7 spell levels left.
You didn't know any spells.

Dungeon Overview and Level Annotations

Branches:
Dungeon (7/15)             Temple (1/1) D:4

Altars:
Ashenzari
Dithmenos
Elyvilon
Fedhas
Kikubaaqudgha
Makhleb
Nemelex Xobeh
Qazlal
Ru
Sif Muna
Trog
Vehumet
Xom
Yredelemnul
Zin
The Shining One

Shops:
D:5 [


Innate Abilities, Weirdness & Mutations

You are too large for most types of armour.
You have claws for hands.
Your metabolism is lightning-fast.
You like to eat raw meat.
You heal very quickly.
You are covered in fur (AC +1).
You have very tough skin (AC +2).


Message History

You are too injured to fight recklessly!
You are too injured to fight recklessly!
You are too injured to fight recklessly!
You are too injured to fight recklessly!
You are too injured to fight recklessly!
You are too injured to fight recklessly!
You are too injured to fight recklessly!
You scratch the orc warrior but do no damage.
The orc warrior is moderately wounded.
The orc warrior hits you with a trident!
* * * LOW HITPOINT WARNING * * *
You scratch the orc warrior.
The orc warrior is moderately wounded.
The orc warrior closely misses you.
You scratch the orc warrior.
The orc warrior is heavily wounded.
You scratch the orc warrior but do no damage.
The orc warrior is heavily wounded.
The orc warrior hits you with a trident!
You die...

#### .....###########
.......).......########
......o@...............
.....##########.######
... #..# . ##'#######
#........# #........#
#.......(# #........#
#......(.#


You could see an orc warrior.

Vanquished Creatures
  Menkaure (D:4)
  An ice beast (D:5)
  4 ogres
  A necrophage (D:7)
  A wasp (D:7)
  The ghost of Glider the Shooter, an amateur CeHu (D:3)
  4 scorpions
  A crimson imp (D:5)
  A giant frog zombie (D:5)
  A jelly (D:5)
  5 hounds
  A centaur skeleton (D:7)
  Crazy Yiuf (D:2)
  A gnoll shaman (D:7)
  An orc wizard (D:7)
  Natasha (D:2)
  An iguana (D:6)
  4 worker ants
  A hound zombie (D:6)
  A hound skeleton (D:6)
  Robin (D:2)
  A worker ant zombie (D:5)
  3 adders
  8 gnolls
  An ooze (D:2)
  An adder skeleton (D:4)
  2 worms
  7 giant geckos
  3 orcs
  7 giant cockroaches
  18 goblins
  10 hobgoblins
  11 jackals
  9 kobolds
  5 ball pythons
  6 bats
  A giant cockroach zombie (D:5)
  9 giant newts
  2 quokkas
  A quokka zombie (D:7)
  4 rats
143 creatures vanquished.

Notes
Turn   | Place    | Note
--------------------------------------------------------------
     0 | D:1      | PossumBlood the Troll Monk began the quest for the Orb.
     0 | D:1      | Reached XP level 1. HP: 22/22 MP: 0/0
   119 | D:1      | Reached XP level 2. HP: 23/29 MP: 1/1
   681 | D:1      | Reached XP level 3. HP: 36/36 MP: 2/2
   995 | D:2      | Found a faded altar to an unknown god.
  1251 | D:2      | Noticed Natasha
  1260 | D:2      | Killed Natasha
  1260 | D:2      | Reached XP level 4. HP: 24/44 MP: 3/3
  1300 | D:2      | Noticed Robin
  1311 | D:2      | Killed Robin
  1330 | D:2      | Noticed Crazy Yiuf
  1338 | D:2      | Killed Crazy Yiuf
  1344 | D:2      | HP: 2/44 [poisoned by Crazy Yiuf]
  1764 | D:3      | Reached XP level 5. HP: 35/52 MP: 4/4
  1982 | D:3      | Found a sacrificial altar of Ru.
  2087 | D:3      | Noticed Glider's ghost (amateur CeHu)
  2102 | D:3      | Killed Glider's ghost
  2102 | D:3      | Reached skill level 5 in Unarmed Combat
  2102 | D:3      | Reached XP level 6. HP: 12/61 MP: 5/5
  2732 | D:4      | Found a staircase to the Ecumenical Temple.
  2741 | Temple   | Entered the Ecumenical Temple
  3167 | D:4      | Noticed Menkaure
  3175 | D:4      | Killed Menkaure
  3175 | D:4      | Reached XP level 7. HP: 66/68 MP: 6/6
  3222 | D:4      | Reached skill level 5 in Dodging
  3349 | D:4      | Reached skill level 6 in Unarmed Combat
  3883 | D:5      | Entered Level 5 of the Dungeon
  3893 | D:5      | Found Loaroent's Armour Shop.
  4066 | D:5      | Found a shimmering altar of Xom.
  4066 | D:5      | Found a white marble altar of Elyvilon.
  4413 | D:5      | Reached XP level 8. HP: 45/79 MP: 7/7
  5135 | D:6      | Found a deep blue altar of Sif Muna.
  5611 | D:7      | Reached skill level 7 in Unarmed Combat
  5680 | D:7      | Found a deep blue altar of Sif Muna.
  5800 | D:7      | Slain by an orc warrior

Action                   |  1- 3 |  4- 6 |  7- 9 || total
-------------------------+-------+-------+-------++-------
Melee: Unarmed           |   126 |   167 |   165 ||   458
  Use: Potion            |       |     1 |       ||     1
       Scroll            |       |       |    18 ||    18
 Stab: Sleeping          |     1 |     2 |     3 ||     6
  Eat: Fruit             |     4 |       |     4 ||     8
       Chunk             |     9 |     8 |    15 ||    32
       Bread ration      |     1 |       |       ||     1
       Royal jelly       |       |     1 |       ||     1
       Meat ration       |       |       |     2 ||     2
       Pizza             |       |       |     1 ||     1
       Beef jerky        |       |       |     1 ||     1
